 Dungeon Crawl Stone Soup version 0.14-a0-1863-gcc20582 (webtiles) character file.

609 Kae the Insei (level 6, -4/47 HPs)
             Began as a Draconian Transmuter on Jan 13, 2014.
             Slain by a gnoll
             ... wielding a +0,+0 spear
              (6 damage)
             ... while paralysed by a potion of paralysis
             ... on Level 5 of the Dungeon.
             The game lasted 00:05:33 (3690 turns).

Kae the Insei (Draconian Transmuter)                Turns: 3690, Time: 00:05:33

HP  -4/47        AC  6     Str 12      XL: 6   Next: 89%
MP  10/10        EV  2     Int 14      God:
Gold 122         SH  0     Dex 13      Spells:  1 memorised,  8 levels left

rFire  . . .     SeeInvis +       - Unarmed
rCold  . . .     Clarity  .     (armour unavailable)
rNeg   + . .     Conserve .     (no shield)
rPois  .         rCorr    +     (helmet restricted)
rElec  .         rRot     .     (no cloak)
SustAb . .       Spirit   .     (no gloves)
rMut   .         Warding  .     (boots unavailable)
Saprov . . .     Stasis   .     p - amulet of resist corrosion {unknown}
MR     .....                    n - ring of positive energy {unknown}
                                m - ring of see invisible

@: appendage (expiring), paralysed, not resistant to hostile enchantments,
unstealthy
A: unfitting armour, talons 3, AC +6
a: End Transformation


You were on level 5 of the Dungeon.
You were not hungry.
You had grown temporary talons.
You visited 1 branch of the dungeon, and saw 4 of its levels.

You collected 122 gold pieces.

Inventory:

Missiles
 b - 73 arrows
Comestibles
 a - 4 bread rations
 i - a choko
 k - a pear
 l - 22 grapes
Scrolls
 c - 3 scrolls of remove curse {unknown}
 e - 2 scrolls of teleportation
 h - a scroll of enchant armour {unknown}
Jewellery
 m - a ring of see invisible (left hand)
 n - a ring of positive energy (right hand) {unknown}
 p - an amulet of resist corrosion (around neck) {unknown}
Potions
 f - a potion of heal wounds
 g - 4 potions of curing
 o - a potion of restore abilities
Books
 d - a book of Changes

   Spells                             Type                      Level
   *Beastly Appendage                 Transmutation                1
   Sticks to Snakes                   Transmutation                2
   Spider Form                        Transmutation/Poison         3
   Ice Form                           Ice/Transmutation            4
   Blade Hands                        Transmutation                5


   Skills:
 - Level 1.1 Fighting
 - Level 1.7 Dodging
 * Level 6.6 Unarmed Combat
 - Level 2.0 Spellcasting
 + Level 4.5 Transmutations


You had 8 spell levels left.
You knew the following spells:

 Your Spells              Type           Power        Failure   Level  Hunger
a - Beastly Appendage     Trmt           ##....       3%          1    ##.....


Dungeon Overview and Level Annotations

Branches:
Dungeon (5/16)
 Temple: D:4-7

Altars:
Makhleb


Innate Abilities, Weirdness & Mutations

Your plain brown scales are hard (AC +6).
Your body does not fit into most forms of armour.
Your cold-blooded metabolism reacts poorly to cold.
You have claws for feet.


Message History

The gnoll barely misses you. The gnoll closely misses you.
You hit the gnoll.
The gnoll is moderately wounded.
The gnoll misses you.
Drink which item? (? for menu, Esc to quit)
You suddenly lose the ability to move!
It was a potion of paralysis.
The gnoll hits you from afar with a spear.
The gnoll hits you with a runed spear. The gnoll hits you but does no damage.
The gnoll hits you with a runed spear!
* * * LOW HITPOINT WARNING * * *
The gnoll barely misses you.
The gnoll hits you from afar with a spear.
* * * LOW HITPOINT WARNING * * *
The gnoll hits you with a runed spear.
* * * LOW HITPOINT WARNING * * *
The gnoll hits you but does no damage. The gnoll hits you with a runed spear.
* * * LOW HITPOINT WARNING * * *
Your transformation is almost over.
The gnoll hits you from afar with a spear.
You die...

#.# ##+#.######.#.# ) ... +.#
#..'...#.#...#.g.. #.####
#..#.).#.#.#....#
##.#..#####.##)##........#
#..#..'...#..#..#.#.#
#..#..#...#..#..#.#.#
#..####.%.#.##%##...# # #
+.....###'#)#..#..#)##.#.#.
##'#.%...)).#@.#..#%.....#.#
#+##..#)##..#)###g#....##.###..
#.)#..#..##)#..# g#..#<)..###.#
#..#'##..#..#..# [#..#.####.#.#
##'#..####(.#### .#..#....#.#.#
.........#'##..####P.#..#.#...#
.....................#..#.#.#.###
##.......######..#####..#..%.....
####.##.# #...........#.#.###


You could see 2 gnolls.

Vanquished Creatures
  Prince Ribbit (D:4)
  A centaur (D:5)
  Duvessa (D:4)
  Dowan (D:4)
  A worker ant (D:5)
  An adder (D:2)
  An adder skeleton (D:4)
  A giant eyeball (D:5)
  2 giant geckos
  2 oozes (D:4)
  2 orcs (D:5)
  10 hobgoblins
  2 quokkas
  4 bats (D:1)
  6 giant cockroaches
  A giant newt (D:2)
  6 goblins
  16 kobolds
  8 rats
  A rat skeleton (D:4)
68 creatures vanquished.

Notes
Turn   | Place    | Note
--------------------------------------------------------------
     0 | D:1      | Kae, the Draconian Transmuter, began the quest for the Orb.
     0 | D:1      | Reached XP level 1. HP: 16/16 MP: 3/3
   201 | D:1      | Reached XP level 2. HP: 11/23 MP: 4/4
  1089 | D:2      | Reached XP level 3. HP: 17/28 MP: 6/6
  1644 | D:2      | You fall through a shaft!
  1644 | D:4      | Noticed Dowan
  1647 | D:4      | Noticed Duvessa
  1679 | D:4      | Killed Dowan
  1679 | D:4      | Reached skill level 4 in Unarmed Combat
  1679 | D:4      | Reached XP level 4. HP: 35/35 MP: 7/7
  1778 | D:4      | Killed Duvessa
  1778 | D:4      | Reached skill level 5 in Unarmed Combat
  1778 | D:4      | Reached XP level 5. HP: 6/40 MP: 9/9
  2210 | D:4      | Noticed Prince Ribbit
  2521 | D:4      | Killed Prince Ribbit
  2521 | D:4      | Reached skill level 6 in Unarmed Combat
  2521 | D:4      | Reached XP level 6. HP: 8/47 MP: 10/10
  2816 | D:5      | Entered Level 5 of the Dungeon
  2993 | D:5      | Found a burning altar of Makhleb.
  3685 | D:5      | Paralysed by a potion of paralysis for 7 turns
  3689 | D:5      | HP: 2/47 [gnoll/runed spear (3)]
  3690 | D:5      | Slain by a gnoll

Action                   |  1- 3 |  4- 6 || total
-------------------------+-------+-------++-------
Melee: Unarmed           |   123 |   146 ||   269
 Cast: Beastly Appendage |    10 |    13 ||    23
  Use: Scroll            |     3 |     3 ||     6
       Potion            |     2 |     7 ||     9
